 Dungeon Crawl Stone Soup version 0.20-a0-899-g09a9bfb (webtiles) character file.

665 KristoblXynda the Conjurer (level 7, -2/55 HPs)
             Began as a Purple Draconian Conjurer on Mar 18, 2017.
             Slain by Prince Ribbit (14 damage)
             ... on level 5 of the Dungeon.
             The game lasted 00:14:56 (5038 turns).

KristoblXynda the Conjurer (DrCj)                   Turns: 5038, Time: 00:14:57

Health: -2/55      AC:  6    Str: 11    XL:     7   Next: 31%
Magic:  5/15       EV: 12    Int: 17    God:
Gold:   300        SH:  6    Dex: 11    Spells: 5/17 levels left

rFire    . . .     SeeInvis .   l - +3 war axe (vamp)
rCold    . . .     Gourm    .   (armour unavailable)
rNeg     . . .     Faith    .   c - +2 buckler
rPois    .         Spirit   .   (helmet restricted)
rElec    .         Reflect  .   (no cloak)
rCorr    .         Harm     .   (no gloves)
MR       ++...     Clarity  +   (no boots)
Stlth    ++........             (no amulet)
Regen    0.2/turn               (no ring)
MPRegen  0.2/turn               (no ring)

@: very slightly contaminated, hasted, very quick
A: breathe power, unfitting armour, beak, clarity, magic resistance 1, robust 1,
evolution 1, cold-blooded, AC +6
a: Breathe Dispelling Energy


You were on level 5 of the Dungeon.
You were not hungry.

You visited 1 branch of the dungeon, and saw 5 of its levels.

You collected 300 gold pieces.

Inventory:

Hand Weapons
 l - a +3 vampiric war axe (weapon)
Missiles
 r - a throwing net (quivered)
Armour
 c - a +2 buckler (worn)
Jewellery
 t - an uncursed amulet of faith
Scrolls
 d - 2 scrolls of remove curse
 e - 3 scrolls of amnesia
 o - a scroll of magic mapping
Potions
 f - a potion of agility {unknown}
 g - a potion of curing
 i - 2 potions of might
 j - a potion of haste
 k - 2 potions of flight
 n - a potion of degeneration {unknown}
 v - a potion of lignification {unknown}
Books
 a - a book of Conjurations

   Spells                             Type                      Level
   a - Magic Dart                     Conjuration                  1
   b - Searing Ray                    Conjuration                  2
   c - Dazzling Spray                 Conjuration/Hexes            3
   d - Fulminant Prism                Conjuration/Hexes            4
   e - Force Lance                    Conjuration/Translocation    4
   f - Iskenderun's Mystic Blast      Conjuration                  4
 u - a book of Misfortune

   Spells                             Type                      Level
   a - Confusing Touch                Hexes                        1
   b - Confuse                        Hexes                        3
   c - Gell's Gravitas                Translocation                3
   d - Petrify                        Transmutation/Earth          4
   e - Metabolic Englaciation         Hexes/Ice                    5
   f - Yara's Violent Unravelling     Hexes/Transmutation          5
Comestibles
 b - 3 bread rations
 h - a meat ration
 m - 2 fruits


   Skills:
 - Level 1.7 Dodging
 - Level 1.7 Stealth
 + Level 3.9 Shields
 + Level 5.5 Spellcasting
 + Level 6.4 Conjurations


You had 5 spell levels left.
You knew the following spells:

 Your Spells              Type           Power        Failure   Level  Hunger
a - Magic Dart            Conj           ####         1%          1    None
b - Dazzling Spray        Conj/Hex       ###...       12%         3    ##.....
c - Iskenderun's Mystic   Conj           ####....     12%         4    ####...
d - Force Lance           Conj/Tloc      ###.....     38%         4    ####...


Dungeon Overview and Level Annotations

Branches:
Dungeon (5/15)
 Temple: D:4-7

Altars:
Fedhas
Kikubaaqudgha
Makhleb
Okawaru
The Shining One

Annotations:
D:5 Prince Ribbit


Innate Abilities, Weirdness & Mutations

You can breathe bolts of dispelling energy.
Your rich purple scales are hard. (AC +6)
You cannot fit into any form of body armour.
You are cold-blooded and may be slowed by cold attacks.
You have a beak for a mouth.
You possess an exceptional clarity of mind.
You are resistant to hostile enchantments. (MR+)
You are robust. (+10% HP)
You evolve.


Message History

A wave of violent energy washes through your body!
Prince Ribbit misses you.
Casting: Iskenderun's Mystic Blast
Confirm with . or Enter, or press ? or * to list all spells.
Okay, then.
Okay, then.
You feel yourself speed up.
Prince Ribbit catches a baby bat with his tongue.
Prince Ribbit hits you.
Prince Ribbit blinks!
Prince Ribbit barely misses you.
You closely miss Prince Ribbit. Your peck misses Prince Ribbit.
Prince Ribbit is lightly wounded.
Prince Ribbit hits you!
* * * LOW HITPOINT WARNING * * *
The kobold throws a stone.
The stone misses you. Prince Ribbit hits you.
* * * LOW HITPOINT WARNING * * *
Prince Ribbit blinks!
You feel better. Prince Ribbit hits you!
You die...

..................##.>.....#
############.###############
###'####### #.........#
#.........# #.........#
#.........#
#######.###########
.........§(@F..K..#
#######.#########K# #.# #.#
#.#########.##
#............#
###########....# ..K......
.............
.KK≈≈..≈≈.≈≈≈≈≈


You could see Prince Ribbit and 2 kobolds.

Vanquished Creatures
  Grinder (D:4)
  A sky beast (D:5)
  An ogre (D:4)
  An orc priest (D:4)
  A hound (D:4)
  An orc wizard (D:4)
  A worker ant (D:4)
  A hound skeleton (D:4)
  8 adders
  2 adder skeletons
  2 worms
  5 leopard geckos
  14 orcs
  A ball python (D:3)
  10 bats
  4 giant cockroaches
  9 goblins
  12 hobgoblins
  2 jackals (D:1)
  A quokka (D:5)
  4 frilled lizards
  A jackal skeleton (D:4)
  3 kobolds
  2 quokka skeletons
  8 rats
96 creatures vanquished.

Notes
Turn   | Place    | Note
-------+----------+-------------------------------------------
     0 | D:1      | KristoblXynda the Draconian Conjurer began the quest for the Orb.
     0 | D:1      | Reached XP level 1. HP: 14/14 MP: 3/3
   344 | D:1      | Reached XP level 2. HP: 18/20 MP: 0/5
  1180 | D:1      | Reached XP level 3. HP: 23/26 MP: 6/6
  1185 | D:1      | Learned a level 3 spell: Dazzling Spray
  1891 | D:2      | Reached skill level 1 in Shields
  1891 | D:2      | Reached XP level 4. HP: 21/33 MP: 0/8
  2226 | D:2      | Reached skill level 5 in Conjurations
  2897 | D:3      | Found a blossoming altar of Fedhas.
  2901 | D:3      | Found an ancient bone altar of Kikubaaqudgha.
  2901 | D:3      | Found a glowing golden altar of the Shining One.
  2925 | D:3      | Found an iron altar of Okawaru.
  2930 | D:3      | Found a burning altar of Makhleb.
  3300 | D:4      | Reached XP level 5. HP: 38/38 MP: 5/9
  3948 | D:4      | Learned a level 4 spell: Iskenderun's Mystic Blast
  4023 | D:4      | Noticed Grinder
  4041 | D:4      | Killed Grinder
  4041 | D:4      | Reached skill level 6 in Conjurations
  4041 | D:4      | Reached XP level 6. HP: 45/45 MP: 2/12
  4263 | D:4      | Your scales start taking on a rich purple colour.
  4263 | D:4      | Reached skill level 5 in Spellcasting
  4263 | D:4      | Reached XP level 7. HP: 50/50 MP: 3/15
  4280 | D:4      | Learned a level 4 spell: Force Lance
  4490 | D:5      | Entered Level 5 of the Dungeon
  4723 | D:5      | HP: 1/50 [sky beast (5)]
  4730 | D:5      | Gained mutation: You evolve. [mutagenic meat]
  4731 | D:5      | Gained mutation: You possess an exceptional clarity of mind. [mutagenic meat]
  4732 | D:5      | Gained mutation: You have a beak for a mouth. [mutagenic meat]
  4733 | D:5      | Gained mutation: You are resistant to hostile enchantments. (MR+) [mutagenic meat]
  4735 | D:5      | Gained mutation: You are robust. (+10% HP) [mutagenic meat]
  5019 | D:5      | Noticed Prince Ribbit
  5036 | D:5      | HP: 2/55 [Prince Ribbit (5)]
  5038 | D:5      | Slain by Prince Ribbit

Vault maps used:
D:1:      lightli_arrival_lavapool
D:2:      serial_bayou_pond_d
D:3:      minmay_overflow_temple_star_hex, grunt_ministairs_1,
          minmay_misc_feat_more_columns
D:4:      serial_glass, glass_columns_a, glass_columns_b, due_unseen_surprise,
          feat_on_display, item_on_display_a, first_bread, grunt_decor_fettered,
          uniq_grinder
D:5:      minmay_goblin_kobold_castle, uniq_prince_ribbit1

Skill      XL: |  1  2  3  4  5  6 |
---------------+-------------------+-----
Shields        | 1 3 |  3.9
Spellcasting   | 3 4 5 |  5.5
Conjurations   | 5 6 |  6.4
Dodging        | |  1.7
Stealth        | |  1.7

Action                   |  1- 3 |  4- 6 |  7- 9 || total
-------------------------+-------+-------+-------++-------
Melee: Dagger            |   130 |    52 |       ||   182
       Unarmed           |     4 |       |       ||     4
       Tailslap          |    11 |     6 |     2 ||    19
       War axe           |       |    43 |    33 ||    76
 Cast: Magic Dart        |    36 |    95 |       ||   131
       Dazzling Spray    |       |     3 |     2 ||     5
       Iskenderun's Myst |       |       |     2 ||     2
 Abil: Breathe Dispellin |       |       |     1 ||     1
  Use: Scroll            |       |    11 |     1 ||    12
       Potion            |       |     4 |     3 ||     7
 Stab: Sleeping          |     3 |     2 |     1 ||     6
       Invisible         |       |     1 |       ||     1
  Eat: Chunk             |     3 |     1 |     6 ||    10
       Meat ration       |       |     2 |       ||     2
       Fruit             |       |     2 |       ||     2
       Royal jelly       |       |     1 |     1 ||     2
Armor: Skin              |    35 |    28 |     9 ||    72
Dodge: Dodged            |    84 |    83 |    20 ||   187
Block: Buckler           |       |     8 |    10 ||    18
